 Dungeon Crawl Stone Soup version 0.18-a0-1196-g09327cf (webtiles) character file.

1711 Oddball22 the Charlatan (level 9, -5/41 HPs)
             Began as a Vine Stalker Artificer on Jan 30, 2016.
             Slain by an orc warrior
             ... wielding a +0 scimitar
              (16 damage)
             ... on level 6 of the Dungeon.
             The game lasted 00:18:32 (5179 turns).

Oddball22 the Charlatan (Vine Stalker Artificer)    Turns: 5179, Time: 00:18:32

Health: -5/41      AC:  5    Str: 15    XL:     9   Next: 4%
Magic:  0/15       EV: 17    Int: 12    God:
Gold:   307        SH:  0    Dex: 17    Spells: 0 memorised, 8 levels left

rFire  . . .     SeeInvis .     G - +2 spear (freeze)
rCold  . . .     Gourm    .     b - +0 leather armour
rNeg   . . .     Faith    .     (no shield)
rPois  .         Spirit   +     (no helmet)
rElec  .         Dismiss  .     r - +1 cloak
rCorr  .         Reflect  .     (no gloves)
SustAt .         Harm     .     (no boots)
MR     +....                    (no amulet)
Stlth  +++.......               x - ring of flight
                                s - +3 ring of evasion

@: flying, somewhat resistant to hostile enchantments, fairly stealthy
A: fangs 3, regeneration 2, magic shield, antimagic bite, no device heal 3, rot
immunity
a: no special abilities


You were on level 6 of the Dungeon.
You were not hungry.

You visited 2 branches of the dungeon, and saw 8 of its levels.

You collected 307 gold pieces.

Inventory:

Hand Weapons
 a - the +7 great mace "Undeadhunter" {disrupt, rN+}
   (You found it on level 5 of the Dungeon)

   It protects you from negative energy.
 j - a +1 scythe
 w - a +2 short sword of speed
 G - a +2 spear of freezing (weapon)
Armour
 b - a +0 leather armour (worn)
 r - a +1 cloak (worn)
Jewellery
 s - a +3 ring of evasion (left hand)
 x - a ring of flight (right hand)
Wands
 c - a wand of flame (13/48)
 d - a wand of enslavement (15/24)
 e - a wand of random effects (13/48)
 y - a wand of polymorph (6/24)
Scrolls
 g - 3 scrolls of remove curse
 h - 2 scrolls of amnesia {unknown}
 m - 2 scrolls of enchant weapon
 n - a scroll of fear {unknown}
 p - 5 scrolls of identify
 u - 2 scrolls of recharging {unknown}
 B - a scroll of random uselessness {unknown}
 C - a scroll of blinking {unknown}
 E - a scroll of teleportation {unknown}
 F - a scroll of vulnerability {unknown}
 I - a scroll of immolation {unknown}
Potions
 k - 2 potions of flight
 l - 3 potions of curing {unknown}
 o - 2 potions of heal wounds {unknown}
 t - a potion of lignification {unknown}
 A - a potion of mutation {unknown}
Books
 H - a book of Geomancy

   Spells                             Type                      Level
   a - Sandblast                      Earth                        1
   b - Stoneskin                      Transmutation/Earth          2
   c - Passwall                       Transmutation/Earth          3
   d - Stone Arrow                    Conjuration/Earth            3
   e - Petrify                        Transmutation/Earth          4
   f - Lee's Rapid Deconstruction     Earth                        5
Comestibles
 f - 3 bread rations
 i - 3 meat rations
 q - 3 beef jerkies
 v - a slice of pizza
 z - 6 fruits


   Skills:
 + Level 1.3 Fighting
 + Level 5.3 Short Blades
 - Level 0.3 Polearms
 - Level 4.4 Dodging
 + Level 5.8 Stealth
 * Level 6.6 Evocations


You had 8 spell levels left.
You didn't know any spells.

Dungeon Overview and Level Annotations

Branches:
Dungeon (7/15)             Temple (1/1) D:5

Altars:
Ashenzari
Cheibriados
Dithmenos
Elyvilon
Fedhas
Kikubaaqudgha
Makhleb
Nemelex Xobeh
Okawaru
Qazlal
Ru
Sif Muna
Trog
Vehumet
Xom
Yredelemnul
Zin


Innate Abilities, Weirdness & Mutations

You have razor-sharp teeth.
You heal very quickly.
When hurt, damage is shared between your health and your magic reserves.
Your bite disrupts and absorbs the magic of your enemies.
Potions and wands cannot restore your health.
You are immune to rotting.


Message History

The orc warrior is lightly wounded.
The orc warrior completely misses you.
You puncture the orc warrior! You freeze the orc warrior.
Your bite misses the orc warrior.
The orc warrior is heavily wounded.
The orc warrior completely misses you.
You hit the orc warrior. You freeze the orc warrior. You bite the orc warrior.
You drain its power.
You feel invigorated.
The orc warrior is severely wounded.
The orc warrior closely misses you.
You hit the orc warrior but do no damage.
The orc warrior is severely wounded.
You hit the orc warrior. You freeze the orc warrior.
The orc warrior is severely wounded.
The orc warrior barely misses you.
You hit the orc warrior. You freeze the orc warrior.
You bite the orc warrior, but do no damage.
The orc warrior is almost dead.
The orc warrior hits you with a scimitar!!
You die...

..................#.######..###
.......##.)....##...## #..#####
.....................#####....##.
.#...##...(....####.............>
<#.#.###...)....# #....##........
...#.###........###.##..#..))....
.......#............###..........
.<..............########.........
................@o............##>
.#.#####..###..(...#######.....##
.#.# #..###.###.## ####...## ...#
##......###.#### #......# ..##
#...##...##....# #.^^...# ..#
#..#####.#####.###.^_^.##
..#####..#####))#........^^...#
..............(<)..........)..#
..####.#................###..####


You could see an orc warrior.

Vanquished Creatures
  Sigmund (D:2)
  Eustachio (D:5)
  Menkaure (D:6)
  2 black bears
  A necrophage (D:5)
  A centaur (D:7)
  Blork the orc (D:4)
  A scorpion (D:7)
  2 crimson imps
  A wasp zombie (D:6)
  A centaur zombie (D:6)
  A giant frog zombie (D:5)
  2 hounds
  2 jellies
  An orc priest (D:6)
  2 orc wizards
  Ijyb (D:3)
  2 iguanas
  4 worker ants
  A hound zombie (D:5)
  A worker ant zombie (D:6)
  4 gnolls (D:4)
  10 adders
  A worm (D:5)
  2 giant geckos (D:4)
  29 orcs
  A ball python (D:2)
  2 giant cockroaches
  10 goblins
  8 hobgoblins
  6 jackals
  2 quokkas
  10 bats
  A giant cockroach zombie (D:5)
  6 giant newts
  9 kobolds
  11 rats
142 creatures vanquished.

Notes
Turn   | Place    | Note
--------------------------------------------------------------
     0 | D:1      | Oddball22 the Vine Stalker Artificer began the quest for the Orb.
     0 | D:1      | Reached XP level 1. HP: 9/9 MP: 3/3
   110 | D:1      | Reached skill level 1 in Short Blades
   250 | D:1      | Reached XP level 2. HP: 14/14 MP: 5/5
  1021 | D:2      | Noticed Sigmund
  1105 | D:1      | Reached XP level 3. HP: 15/17 MP: 4/6
  1316 | D:2      | Reached skill level 3 in Evocations
  1749 | D:2      | Killed Sigmund
  1749 | D:2      | Reached XP level 4. HP: 21/21 MP: 7/7
  1749 | D:2      | Reached XP level 5. HP: 25/25 MP: 8/8
  2029 | D:3      | Found a faded altar to an unknown god.
  2133 | D:3      | Gained mutation: You heal very quickly. [Vine Stalker growth]
  2133 | D:3      | Reached XP level 6. HP: 29/29 MP: 9/9
  2382 | D:3      | Noticed Ijyb
  2398 | D:3      | Killed Ijyb
  2435 | D:3      | Reached skill level 4 in Evocations
  2930 | D:4      | Found a radiant altar of Vehumet.
  3099 | D:4      | Noticed Blork the orc
  3115 | D:4      | Killed Blork the orc
  3115 | D:4      | Reached XP level 7. HP: 32/32 MP: 11/11
  3678 | D:5      | Entered Level 5 of the Dungeon
  3746 | D:5      | Found a staircase to the Ecumenical Temple.
  3792 | Temple   | Entered the Ecumenical Temple
  4022 | D:5      | Noticed Eustachio
  4049 | D:5      | Killed Eustachio
  4049 | D:5      | Reached skill level 5 in Evocations
  4152 | D:5      | Gained mutation: You have razor-sharp teeth. [Vine Stalker growth]
  4152 | D:5      | Reached XP level 8. HP: 34/37 MP: 12/12
  4556 | D:6      | Noticed Menkaure
  4641 | D:6      | Found a shimmering altar of Xom.
  4725 | D:6      | Reached skill level 5 in Stealth
  4758 | D:6      | Found a basalt altar of Yredelemnul.
  4769 | D:6      | Reached skill level 5 in Short Blades
  4769 | D:6      | Reached skill level 6 in Evocations
  4814 | D:6      | Killed Menkaure
  4921 | D:6      | Reached skill level 1 in Fighting
  5118 | D:7      | Reached XP level 9. HP: 39/41 MP: 14/14
  5179 | D:6      | Slain by an orc warrior

Vault maps used:
D:1:      dpeg_arrival_subterranean_lakeside_camping
D:2:      minmay_misc_feat_square, uniq_sigmund
D:3:      ecumenical_altar_2, uniq_iyjb
D:4:      fiery_altar_vehumet, uniq_blork_the_orc
D:5:      temple_statues, first_bread, uniq_eustachio
D:6:      basic_altar, xom_teletrap_fun, uniq_menkaure
D:7:      basic_altar, led_sif_book
Temple:   nicolae_temple_elliptical

Action                   |  1- 3 |  4- 6 |  7- 9 || total
-------------------------+-------+-------+-------++-------
Melee: Short sword       |   159 |    94 |   156 ||   409
       Scythe            |       |    47 |       ||    47
       Great mace        |       |       |    69 ||    69
       Spear             |       |       |     6 ||     6
Evoke: Wand              |       |     3 |     1 ||     4
  Use: Potion            |     2 |       |     1 ||     3
       Scroll            |       |     3 |       ||     3
 Stab: Sleeping          |     2 |     2 |     9 ||    13
       Distracted        |     1 |       |     1 ||     2
  Eat: Chunk             |     3 |     4 |     7 ||    14
